Map: Frozen Temple

Players

Scarlett

  • Race: Zerg Zerg
  • League: Grandmaster

Pokebunny - Winner!

  • Race: Terran Terran
  • League: Grandmaster

VOD

Have the link to the VOD?

Description

Time

  • Played on: April 7, 2016, 1:02 a.m.
  • Length: 9:04
Show
View Real Time Build Order
Export as new Build Order

Scarlett Zerg 

Build Orders: Hatch First, Lurkers 

Get SALT Encoding   

  12  0:01  Drone  
  13  0:09  Drone  
  14  0:17  Overlord  
  14  0:23  Extractor  
  14  0:24  Drone  
  15  0:39  Drone  
  15  0:40  Drone  
  17  0:53  Hatchery  
  16  0:58  Drone x2  
  18  1:13  Spawning Pool  
  18  1:14  Extractor  
  16  1:20  Drone x2  
  18  1:30  Drone  
  19  1:38  Overlord  
  19  1:49  Drone  
  20  2:00  Queen  
  20  2:01  Zergling x2  
  23  2:05  Zergling x2, Queen  
  26  2:14  Metabolic Boost  
  26  2:17  Drone x2  
  28  2:34  Drone x3  
  28  2:36  Queen  
  32  2:45  Drone  
  32  2:46  Drone  
  32  2:48  Overlord  
  34  2:53  Drone  
  35  2:59  Overlord  
  35  3:00  Queen, Extractor  
  36  3:09  Drone  
  36  3:10  Drone  
  39  3:15  Zergling x2  
  39  3:16  Zergling x2  
  39  3:18  Drone x4  
  45  3:39  Lair  
  45  3:44  Drone  
  45  3:45  Drone x4, Hatchery  
  49  3:52  Drone  
  49  3:53  Drone x2  
  49  3:54  Overlord  
  52  4:01  Extractor  
  52  4:02  Extractor  
  50  4:10  Drone x2  
  50  4:11  Overlord  
  52  4:18  Drone x3  
  52  4:22  Drone x3  
  58  4:27  Drone x2  
  58  4:28  Evolution Chamber  
  58  4:29  Evolution Chamber  
  58  4:32  Drone  
  58  4:33  Drone x2  
  58  4:37  Hydralisk Den  
  60  4:40  Extractor  
  60  4:44  Drone x2  
  61  4:52  Zergling x8  
  65  4:57  Zergling x8  
  65  4:58  Overlord  
  69  5:00  Spine Crawler  
  69  5:01  Spine Crawler  
  67  5:07  Hydralisk  
  67  5:08  Hydralisk  
  67  5:14  Hydralisk  
  70  5:15  Zergling x2  
  70  5:19  Overlord  
  64  5:31  Drone  
  64  5:32  Drone x2  
  69  5:47  Hatchery  
  69  5:48  Zerg Missile Weapons Level 1, Lurker Den, Zerg Ground Armor Level 1  
  68  5:52  Roach Warren  
  68  5:54  Drone x3  
  70  6:01  Drone  
  70  6:02  Overlord x2  
  71  6:04  Drone  
  72  6:11  Hydralisk  
  72  6:16  Overlord  
  72  6:17  Overlord x2  
  74  6:27  Hydralisk x2  
  78  6:33  Queen  
  78  6:37  Hydralisk x2  
  78  6:38  Hydralisk x2  
  88  6:42  Hydralisk  
  90  6:47  Hydralisk x2  
  90  6:53  Hydralisk x2  
  98  6:56  Hydralisk  
  98  7:00  Hydralisk  
  98  7:01  Hydralisk  
  91  7:24  Hydralisk x8  
  91  7:26  Lurker  
  106  7:32  Overlord x2  
  96  7:57  Lurker  
  96  7:58  Lurker x2  
  89  8:15  Roach  
  89  8:16  Roach x5  
  99  8:29  Infestation Pit  
Show
View Real Time Build Order
Export as new Build Order

Pokebunny Terran - Winner!

Build Orders: Reaper Expand, MMM Bio 

Get SALT Encoding   

  12  0:00  SCV  
  13  0:12  SCV  
  14  0:18  Supply Depot  
  14  0:25  SCV  
  15  0:39  SCV  
  15  0:40  Barracks  
  16  0:46  Refinery  
  16  0:52  SCV  
  17  1:04  SCV  
  18  1:16  SCV  
  19  1:28  Orbital Command  
  19  1:29  Reaper  
  20  1:40  Command Center  
  20  1:52  Supply Depot  
  20  1:53  SCV  
  21  2:02  Barracks Reactor  
  21  2:06  Barracks, SCV  
  22  2:19  SCV  
  22  2:21  Barracks  
  23  2:30  Refinery  
  23  2:40  Marine x2  
  25  2:45  SCV  
  25  2:50  Factory  
  26  2:55  Orbital Command  
  26  2:56  Barracks Tech Lab  
  26  3:01  Marine x2  
  26  3:05  SCV  
  29  3:08  Marine  
  30  3:16  Marine, Stimpack  
  30  3:18  SCV  
  32  3:21  Marine  
  32  3:22  Marine  
  34  3:28  Marine  
  35  3:35  Starport  
  35  3:37  Factory Reactor  
  35  3:39  Marine  
  35  3:40  Marine  
  36  3:45  SCV  
  36  3:46  SCV  
  38  3:50  Supply Depot  
  38  3:52  Marine  
  38  3:54  Marine  
  40  3:58  SCV  
  40  3:59  SCV  
  42  4:03  Marine x2  
  44  4:11  Marine  
  44  4:13  Supply Depot  
  45  4:18  Medivac x2  
  45  4:19  Marine  
  45  4:21  Marine  
  45  4:23  Marine  
  52  4:25  SCV  
  52  4:28  SCV  
  54  4:32  Engineering Bay  
  54  4:34  Marine  
  54  4:38  Supply Depot  
  55  4:42  Barracks Reactor  
  55  4:43  Marine x2  
  55  4:44  SCV  
  58  4:47  SCV  
  58  4:50  Factory Tech Lab  
  59  4:55  Refinery  
  59  4:59  Supply Depot  
  59  5:00  SCV  
  59  5:02  SCV  
  59  5:03  Terran Infantry Weapons Level 1  
  60  5:22  Combat Shields, Marine x5  
  63  5:29  Siege Tank  
  63  5:32  SCV x2  
  68  5:41  Supply Depot  
  68  5:46  Marine x3  
  68  5:47  Barracks x2  
  71  6:00  Marine x2  
  71  6:01  Siege Tank  
  76  6:04  Medivac x2  
  76  6:07  Marine x2  
  76  6:08  Marine  
  76  6:11  Supply Depot  
  83  6:22  Marine x2  
  83  6:25  Marine  
  85  6:32  Marine x2  
  86  6:35  Supply Depot  
  88  6:40  Marine x2  
  88  6:41  Marine x2  
  88  6:43  Marine  
  93  6:50  Marine  
  93  6:51  Supply Depot  
  94  6:56  Siege Tank, Marine  
  94  6:57  Terran Infantry Armor Level 1, SCV x2  
  98  7:08  Supply Depot  
  91  7:26  Medivac x2  
  91  7:28  Siege Tank  
  98  7:31  SCV x2  
  100  7:40  Marine  
  100  7:41  Marine x6  
  107  7:51  Supply Depot  
  96  8:00  Siege Tank  
  97  8:19  Marine  
  97  8:20  Marine x4  
  97  8:23  Marine x2  
  103  8:29  Supply Depot  
  103  8:31  Supply Depot  
  106  8:34  Command Center  
Tags
 
Add a new tag
Caveats
  • Supply blocks, unpowered buildings, or Contaminate may cause inaccurate times.
  • Supply counts are checked every 10 seconds.